 Dungeon Crawl Stone Soup version 0.19.1 (webtiles) character file.

332 Ladykiller69 the Shield-Bearer (level 6, -16/49 HPs)
             Began as a Formicid Fighter on Nov 25, 2016.
             Killed from afar by a goblin (28 damage)
             ... with a wand of lightning
             ... led by Robin
             ... on level 4 of the Dungeon.
             The game lasted 00:07:02 (2636 turns).

Ladykiller69 the Shield-Bearer (Formicid Fighter)   Turns: 2636, Time: 00:07:03

Health: -16/49     AC: 15    Str: 21    XL:     6   Next: 82%
Magic:  6/6        EV:  6    Int:  9    God:
Gold:   171        SH:  9    Dex: 10    Spells: 0 memorised, 5 levels left

rFire  . . .     SeeInvis +     a - +0 war axe
rCold  . . .     Gourm    .     F - +3 chain mail
rNeg   . . .     Faith    .     c - +0 shield
rPois  .         Spirit   .     (helmet unavailable)
rElec  .         Reflect  .     p - +2 cloak
rCorr  .         Harm     .     (no gloves)
MR     .....                    (no boots)
Stlth  ..........               (no amulet)
                                (no ring)
                                (no ring)

@: no status effects
A: permanent stasis, dig shafts and tunnels, four strong arms, antennae 3
a: Dig, Shaft Self


You were on level 4 of the Dungeon.
You were not hungry.

You visited 1 branch of the dungeon, and saw 4 of its levels.

You collected 171 gold pieces.

Inventory:

Hand Weapons
 a - a +0 war axe (weapon)
 B - a +0 flail of protection
Missiles
 l - 56 stones (quivered)
 E - 6 javelins of penetration
Armour
 b - a +0 scale mail
 c - a +0 shield (worn)
 i - a +0 chain mail
 p - a +2 cloak (worn)
 F - a +3 chain mail (worn)
Jewellery
 k - a cursed -3 ring of dexterity {unknown}
 q - an uncursed amulet of faith {unknown}
 s - an uncursed ring of magical power {unknown}
 x - a +2 ring of intelligence {unknown}
Scrolls
 e - 3 scrolls of random uselessness {unknown}
 m - 3 scrolls of remove curse {unknown}
 n - 3 scrolls of teleportation {unknown}
 o - 2 scrolls of identify {unknown}
 t - a scroll of immolation {unknown}
 w - a scroll of magic mapping {unknown}
 y - a scroll of fear {unknown}
 z - a scroll of recharging {unknown}
Potions
 d - a potion of might
 g - a potion of flight {unknown}
 h - a potion of magic {unknown}
 j - a potion of resistance {unknown}
 r - 3 potions of curing {unknown}
 u - a potion of heal wounds {unknown}
 v - a potion of brilliance {unknown}
 A - a potion of invisibility {unknown}
 C - a potion of mutation {unknown}
Comestibles
 f - 3 bread rations
 D - a beef jerky
 G - 2 fruits
 H - 17 chunks of flesh


   Skills:
 + Level 4.6 Fighting
 * Level 4.6 Axes
 + Level 4.4 Armour
 + Level 4.7 Shields


You had 5 spell levels left.
You didn't know any spells.

Dungeon Overview and Level Annotations

Branches:
Dungeon (4/15)
 Temple: D:4-7

Altars:
Hepliaklqana
Nemelex Xobeh
Xom


Innate Abilities, Weirdness & Mutations

You are under a permanent stasis effect.
You can dig through walls and to a lower floor.
Your four strong arms can wield two-handed weapons with a shield.
You have a pair of large antennae on your head. (SInv)


Message History

The hound skeleton bites you but does no damage.
You hit the hound skeleton.
The hound skeleton is heavily damaged.
The hound skeleton bites you but does no damage.
You block the hound skeleton's attack.
You barely miss the hound skeleton.
The hound skeleton is heavily damaged.
You block the hound skeleton's attack.
You hit the hound skeleton but do no damage.
The hound skeleton is heavily damaged.
The hound skeleton completely misses you.
The goblin zaps a wand.
The bolt of lightning hits you!
* * * LOW HITPOINT WARNING * * *
The hound skeleton bites you but does no damage.
You are too injured to fight recklessly!
You hit the goblin but do no damage. You hit the hound skeleton.
You block the hound skeleton's attack.
The goblin zaps a wand.
The bolt of lightning hits you!
Ouch! That really hurt!
You die...

## #. ###. #### .._
...#### #.
#.###......
#.##......#
#.###.#@..######
#.#.#.#gZ......#
#.##).#).†.###'#
#.###.##.#....
#####.....#.........
#......÷###..#......
#.......'.#..#$.....
#..))...#.#g.# #####
#...........#<#..#


You could see a goblin and a hound skeleton.

Vanquished Creatures
  The ghost of Azzok the Skirmisher, an amateur GrBe of Trog (D:3)
  An orc priest (D:4)
  An iguana (D:4)
  A worker ant (D:4)
  Robin (D:4)
  7 adders
  2 worms
  3 dart slugs
  3 leopard geckos
  4 orcs
  9 bats
  6 giant cockroaches
  11 goblins
  8 hobgoblins
  9 jackals
  A quokka (D:2)
  5 frilled lizards
  7 kobolds
  9 rats
89 creatures vanquished.

Vanquished Creatures (others)
  5 dream sheep (D:3)
5 creatures vanquished.

Grand Total: 94 creatures vanquished

Notes
Turn   | Place    | Note
-------+----------+-------------------------------------------
     0 | D:1      | Ladykiller69 the Formicid Fighter began the quest for the Orb.
     0 | D:1      | Reached XP level 1. HP: 18/18 MP: 1/1
    51 | D:1      | Reached XP level 2. HP: 24/24 MP: 2/2
   257 | D:1      | Reached XP level 3. HP: 29/29 MP: 3/3
   879 | D:2      | Found a sparkling altar of Nemelex Xobeh.
   885 | D:2      | Reached XP level 4. HP: 33/37 MP: 4/4
  1260 | D:2      | Reached XP level 5. HP: 42/42 MP: 5/5
  1540 | D:3      | Noticed Azzok's ghost (amateur GrBe)
  1555 | D:3      | Killed Azzok's ghost
  1887 | D:3      | Reached XP level 6. HP: 49/49 MP: 6/6
  1906 | D:3      | Found a shimmering altar of Xom.
  1906 | D:3      | Noticed a dream sheep
  1906 | D:3      | Noticed a dream sheep
  1906 | D:3      | Noticed a dream sheep
  1906 | D:3      | Noticed a dream sheep
  1906 | D:3      | Noticed a dream sheep
  1910 | D:3      | Killed a dream sheep
  1910 | D:3      | Killed a dream sheep
  1911 | D:3      | Killed a dream sheep
  1911 | D:3      | Killed a dream sheep
  1912 | D:3      | Killed a dream sheep
  2576 | D:4      | Found a hazy altar of Hepliaklqana.
  2582 | D:4      | Noticed Robin
  2601 | D:4      | Killed Robin
  2636 | D:4      | Killed from afar by a goblin

Skill      XL: |  1  2  3  4  5  6 |
---------------+-------------------+-----
Axes           | 3 4 |  4.6
Shields        | 4 |  4.7
Fighting       | 4 |  4.6
Armour         | 4 |  4.4

Action                   |  1- 3 |  4- 6 || total
-------------------------+-------+-------++-------
Melee: War axe           |    95 |   251 ||   346
Throw: Stone             |       |     3 ||     3
 Abil: Dig               |     2 |     2 ||     4
  Eat: Chunk             |       |     7 ||     7
Armor: Chain mail        |    58 |   129 ||   187
       Scale mail        |     7 |       ||     7
Dodge: Dodged            |    20 |    67 ||    87
Block: Shield            |    42 |   135 ||   177
